 Dungeon Crawl Stone Soup version 0.28-a0-1292-gb4563b27b3 (webtiles) character file.

Game seed: 148887561744381629

149 Ijustatesigmund the Chopper (level 5, 0/48 HPs)
             Began as a Hill Orc Fighter on Dec 27, 2021.
             Slain by a water moccasin (7 damage)
             ... on level 3 of the Dungeon.
             The game lasted 00:04:50 (2421 turns).

Ijustatesigmund the Chopper (Hill Orc Fighter)      Turns: 2421, Time: 00:04:52

Health: 0/48       AC: 10    Str: 19    XL:     5   Next: 31%
Magic:  5/5        EV:  7    Int: 10    God:
Gold:   75         SH:  4    Dex: 10    Spells: 4/4 levels left

rFire   . . .      SeeInvis .   a - +0 war axe
rCold   . . .      Faith    .   c - +0 buckler
rNeg    . . .      Spirit   .   b - +0 chain mail
rPois   .          Reflect  .   h - +0 helmet
rElec   .          Harm     .   (no cloak)
rCorr   .          Rampage  .   (no gloves)
Will    .....                   (no boots)
Stlth   ..........              (no amulet)
HPRegen 0.16/turn               (no ring)
MPRegen 0.09/turn               (no ring)

@: lethally poisoned (0 -> -9)
A: no striking features
a: no special abilities


You were on level 3 of the Dungeon.
You visited 1 branch of the dungeon, and saw 3 of its levels.

You collected 75 gold pieces.

Inventory:

Hand Weapons
 a - a +0 war axe (weapon)
Missiles
 f - 4 silver boomerangs (quivered)
Armour
 b - a +0 chain mail (worn)
 c - a +0 buckler (worn)
 h - a +0 helmet (worn)
Scrolls
 d - a scroll of fear {unknown}
 e - a scroll of teleportation


   Skills:
 + Level 5.0 Fighting
 * Level 5.4 Axes
 - Level 3.2 Armour
 + Level 0.9 Dodging
 + Level 0.4 Stealth
 - Level 3.2 Shields


You had 4 spell levels left.
You didn't know any spells.
Your spell library contained the following spells:

 Spells                   Type           Power      Damage    Failure   Level
 Sting                    Tmut/Pois      0%         1d3       99%         1
 Ensorcelled Hibernation  Hex/Ice        0%         N/A       100%        2
 Poisonous Vapours        Pois/Air       0%         N/A       100%        2
 Confusing Touch          Hex            0%         N/A       100%        3
 Tukima's Dance           Hex            0%         N/A       100%        3
 Olgreb's Toxic Radiance  Pois           0%         N/A       100%        4
 Yara's Violent Unravell  Hex/Tmut       0%         3d3       100%        5
 Enfeeble                 Hex            0%         N/A       100%        7


Dungeon Overview and Level Annotations

Branches:
Dungeon (3/15)

Altars:

Shops:
D:1 (   D:2 (


Message History

You feel better. The water moccasin bites you.
You miss the water moccasin.
The water moccasin is moderately wounded.
The water moccasin bites you.
You are poisoned.
The water moccasin poisons you! The water moccasin closely misses you.
You miss the water moccasin.
The water moccasin is moderately wounded.
You feel very sick.
The water moccasin bites you but does no damage.
The water moccasin bites you.
You barely miss the water moccasin.
The water moccasin is moderately wounded.
You feel very sick. The water moccasin barely misses you.
The water moccasin bites you but does no damage.
You feel better.
The water moccasin bites you but does no damage.
You closely miss the water moccasin.
The water moccasin is moderately wounded.
The water moccasin bites you. x2
You closely miss the water moccasin.
The water moccasin is moderately wounded.
The water moccasin barely misses you.
The water moccasin bites you but does no damage.
You slash the water moccasin!
The water moccasin is heavily wounded.
The water moccasin bites you.
* * * LOW HITPOINT WARNING * * *
You miss the water moccasin.
The water moccasin is heavily wounded.
The water moccasin bites you but does no damage.
You block the water moccasin's attack.
You closely miss the water moccasin.
The water moccasin is heavily wounded.
The water moccasin bites you.
* * * LOW HITPOINT WARNING * * *
You are lethally poisoned!
The water moccasin poisons you! The water moccasin bites you!
You die...

... #. .. .. ##.##
#. ...##. #.####..#.
......!..# # #...S.#
.# #@.## #.#
#.#.###.# ...##...#
#.....##.##
#####.##.#
#.##.#####.#.
#.##.........
#########.##..#####.
#.............#


You could see a water moccasin.

Vanquished Creatures
  A jelly (D:2)
  Terence (D:2)
  3 gnolls (D:2)
  An adder (D:2)
  3 dart slugs
  5 bats
  5 endoplasms
  A giant cockroach (D:1)
  9 goblins
  4 hobgoblins
  4 jackals (D:3)
  3 ball pythons (D:1)
  A frilled lizard (D:1)
  3 kobolds
  4 rats
48 creatures vanquished.

Notes
Turn   | Place    | Note
-------+----------+-------------------------------------------
     0 | D:1      | Ijustatesigmund the Hill Orc Fighter began the quest for
                  | the Orb.
     0 | D:1      | Reached XP level 1. HP: 19/19 MP: 1/1
   158 | D:1      | Reached XP level 2. HP: 21/27 MP: 2/2
   305 | D:1      | Found Rykucuc's Antique Weapon Boutique.
  1206 | D:2      | Found a faded altar of an unknown god.
  1220 | D:2      | Reached XP level 3. HP: 34/34 MP: 3/3
  1327 | D:2      | Found Myukkely's Antique Weapon Shoppe.
  1356 | D:2      | Noticed Terence
  1371 | D:2      | Killed Terence
  1372 | D:2      | Reached XP level 4. HP: 24/41 MP: 4/4
  1563 | D:2      | Reached skill level 5 in Fighting
  1563 | D:2      | Reached skill level 5 in Axes
  1563 | D:2      | Reached XP level 5. HP: 34/48 MP: 5/5
  2401 | D:3      | Noticed a water moccasin
  2421 | D:3      | Slain by a water moccasin

Illustrated notes

Levels and vault maps discovered:
D:1:      heliophobic_arrival_glass_houses, layout_basic, serial_shops,
          nicolae_shop_hallway_plus, ebering_dispersal_statue_hall
D:2:      layout_basic, ebering_ecumenical_altar_hall, serial_shops,
          nicolae_diamond_shop, minmay_pentomino_x2, uniq_terence
D:3:      layout_loops_ring, nicolae_grassy_gnolls

Skill      XL: |  1  2  3  4 |
---------------+-------------+-----
Axes           | 3 4 5 |  5.4
Fighting       | 4 5 |  5.0
Armour         | |  3.2
Dodging        | |  0.9
Stealth        | |  0.4
Shields        | |  3.2

Action                   |  1- 3 |  4- 6 || total
-------------------------+-------+-------++-------
Melee: War axe           |    74 |    68 ||   142
Throw: Boomerang         |     3 |     1 ||     4
  Use: Scroll            |     2 |     1 ||     3
       Potion            |     1 |     2 ||     3
Armor: Scale mail        |    26 |    10 ||    36
       Chain mail        |       |    32 ||    32
Dodge: Dodged            |    38 |    19 ||    57
Block: Buckler           |    14 |    16 ||    30

Table legend: (Time is in decaauts)
 A = Elapsed time spent in this place.
 B = Non-inter-level travel time spent in this place.
 C = Inter-level travel time spent in this place.
 D = Time resting spent in this place.
 E = Time spent auto-exploring this place.
 F = Levels seen in this place.
 G = Mean time per level.
                   A        B        C        D        E       F      G
               +--------+--------+--------+--------+--------+-----+--------+
         Total |   2464 |   2367 |     97 |      2 |   1992 |   3 |  821.3 |
       Dungeon |   2464 |   2367 |     97 |      2 |   1992 |   3 |  821.3 |
               +--------+--------+--------+--------+--------+-----+--------+

Top non-repeatable levels by time:
     D:1: 1212 daAuts
     D:2: 1106 daAuts
     D:3: 145 daAuts
